AoeStats
← S-Tier Willy

Nomad

509237246Analyzed
4v4 RM · 5d ago on Sep 26, 2026· 33m 21s· 8 players
Game mode
Random Map
Map size
231×231
Population
200
Speed
Normal
Resources
Standard
Victory
Conquest
Starting age
Dark Age
Ending age
Imperial Age
RankedLock teamsTeams togetherTeam positionsShared explorationLock speedFull tech treeHidden civsTurbo modeCheats
Victory
Defeat
🇸🇮 Varangians · Slovenia
1973
+4
🇨🇦 Vietnamese · Canada
1929
+4
🇨🇦 Malians · Canada
1864
+6
🇭🇰 Berbers · Hong Kong SAR China
1827
+7
🇨🇱 Mongols · Chile
1759
-8
🇨🇱 Wu · Chile
1702
-7
🇨🇱 Persians · Chile
1576
-4
🇨🇱 Spanish · Chile
1400
-2
S-Tier Willy
11:39 Loom
14:12 Feudal Age
14:40 Town Watch
17:50 Castle Age
16:06 Double-Bit Axe
17:55 Forging
18:51 Bow Saw
19:36 Medium Warships
20:45 Iron Casting
20:36 Fletching
21:36 Gold Mining
21:29 Fishing Lines
23:16 Stone Mining
25:41 Wheelbarrow
24:49 Horse Collar
26:35 Bodkin Arrow
27:27 Padded Archer Armor
29:17 Ballistics
30:40 Leather Archer Armor
31:17 Hand Cart
31:38 Stone Shaft Mining
35:38 Imperial Age
[hkbb] Munzo__
11:23 Loom
14:21 Feudal Age
15:13 Double-Bit Axe
18:13 Castle Age
16:14 Fishing Lines
17:39 Gold Mining
18:45 Fletching
18:18 Crossbowman
19:15 Bow Saw
19:05 Town Watch
19:22 Bodkin Arrow
19:29 Padded Archer Armor
21:01 Wheelbarrow
23:13 Ballistics
23:10 Leather Archer Armor
23:48 Horse Collar
24:05 Stone Mining
24:42 Heavy Plow
25:11 Thumb Ring
27:42 Hand Cart
32:59 Imperial Age
32:09 Gold Shaft Mining
31:50 Bloodlines
31:40 Husbandry
31:39 Gillnets
34:40 Chemistry
33:12 Elite Genitour
Dovecar
6:58 Loom
13:49 Feudal Age
17:29 Castle Age
15:56 Double-Bit Axe
16:27 Fishing Lines
16:49 Gold Mining
17:37 Fletching
18:40 Bow Saw
18:21 Gillnets
18:48 Town Watch
19:57 Forging
21:44 Scale Barding Armor
23:47 Chain Barding Armor
24:54 Horse Collar
27:46 Wheelbarrow
28:01 Husbandry
28:11 Bloodlines
29:50 Hand Cart
34:18 Imperial Age
31:42 Stone Mining
33:23 Iron Casting
HKPDSUCKS
2:55 Loom
18:11 Feudal Age
21:39 Castle Age
20:12 Double-Bit Axe
21:23 Fishing Lines
22:03 Scale Barding Armor
25:31 Chain Barding Armor
25:56 Forging
30:13 Bow Saw
30:28 Gillnets
31:42 Wheelbarrow
[CL]CHiNO
6:35 Loom
19:01 Feudal Age
22:49 Castle Age
22:40 Double-Bit Axe
23:53 Bow Saw
24:25 Medium Warships
24:58 Gold Mining
27:50 Wheelbarrow
30:15 Fletching
32:40 Horse Collar
35:53 Imperial Age
[CL] ~C H R I $-
3:24 Loom
15:57 Feudal Age
20:53 Castle Age
19:10 Stone Mining
[CL] el castigador
3:17 Loom
14:10 Feudal Age
15:28 Town Watch
15:52 Town Watch
18:36 Castle Age
16:27 Fletching
16:49 Double-Bit Axe
19:16 Bodkin Arrow
20:57 Ballistics
20:58 Padded Archer Armor
21:12 Bow Saw
24:53 Bloodlines
25:38 Husbandry
25:32 Horse Collar
31:49 Leather Archer Armor
[CL]Jupy
10:56 Loom
13:11 Feudal Age
17:13 Castle Age
15:57 Forging
16:36 Double-Bit Axe
17:06 Gold Mining
17:46 Scale Mail Armor
18:07 Bow Saw
18:25 Medium Warships
23:13 Chain Mail Armor
29:18 Horse Collar
30:40 Fletching
31:27 Wheelbarrow
31:25 Crossbowman
31:54 Town Watch
Connection lost

Rejoining the realm…

Still unreachable

The connection could not be restored.

Session expired

The server has moved on; the page needs a fresh start.